 Dungeon Sprint DCSS version 0.26-a0-649-gf8c6c3aab7 (webtiles) character file.

Game seed: 12867447232080017069

14 sahdkjhfkaj the Insei (level 3, -2/29 HPs)
             Began as a Gnoll Transmuter on Sept 27, 2020.
             Was an Initiate of Gozag.
             Slain by Purgy (3 damage)
             ... in the Dungeon (Sprint VI: "Thunderdome").
             The game lasted 00:00:54 (233 turns).

sahdkjhfkaj the Insei (Gnoll Transmuter)             Turns: 233, Time: 00:00:55

Health: -2/29      AC:  2    Str: 13    XL:     3   Next: 18%
Magic:  8/9        EV: 15    Int: 15    God:    Gozag
Gold:   53         SH:  0    Dex: 15    Spells: 11/12 levels left

rFire    . . .     SeeInvis .     - Unarmed
rCold    . . .     Faith    .   (no shield)
rNeg     . . .     Spirit   .   a - +0 robe
rPois    .         Reflect  .   (helmet currently unavailable)
rElec    .         Harm     .   (no cloak)
rCorr    .         Rampage  .   (no gloves)
MR       .....     NoTele   +   (boots currently unavailable)
Stlth    ++........             (no amulet)
HPRegen  0.09/turn              (no ring)
MPRegen  0.11/turn              (no ring)

@: appendages, gold aura
A: distributed training, fangs 1, horns 2, talons 2, strong nose
a: End Transformation, Potion Petition, Call Merchant, Bribe Branch, Renounce
Religion


You were in the Dungeon.
You worshipped Gozag.
Gozag was noncommittal.
You had grown temporary horns.
You had grown temporary talons.
You visited 1 branch You collected 508 gold pieces.
You spent 455 gold pieces at shops.

Inventory:

Armour
 a - a +0 robe (worn)
Wands
 b - a wand of acid (5)
 i - a wand of iceblast (5)
Scrolls
 h - 4 scrolls of blinking
 j - 3 scrolls of fog
Potions
 c - a potion of curing
 d - 4 potions of heal wounds
 e - 4 potions of haste
 f - 2 potions of magic
 g - a potion of berserk rage
 k - 2 potions of resistance


   Skills:
 + Level 3.2 Fighting
 + Level 1.8 Short Blades
 + Level 1.8 Long Blades
 + Level 1.8 Axes
 + Level 1.8 Maces & Flails
 + Level 1.8 Polearms
 + Level 1.8 Staves
 + Level 1.8 Slings
 + Level 1.8 Bows
 + Level 1.8 Crossbows
 + Level 1.8 Throwing
 + Level 1.8 Armour
 + Level 4.9 Dodging
 + Level 1.8 Stealth
 + Level 1.8 Shields
 + Level 6.8 Unarmed Combat
 + Level 5.3 Spellcasting
 + Level 1.4 Conjurations
 + Level 1.4 Hexes
 + Level 1.4 Summonings
 + Level 1.4 Necromancy
 + Level 1.4 Translocations
 + Level 4.1 Transmutations
 + Level 1.4 Fire Magic
 + Level 1.4 Ice Magic
 + Level 1.4 Air Magic
 + Level 1.4 Earth Magic
 + Level 1.4 Poison Magic
 + Level 2.0 Invocations
 + Level 1.8 Evocations


You had 11 spell levels left.
You knew the following spells:

 Your Spells              Type           Power        Failure   Level
a - Beastly Appendage     Tmut           ###...       3%          1

Your spell library contained the following spells:

 Spells                   Type           Power        Failure   Level
 Wereblood                Tmut           ###.....     4%          2
 Spider Form              Tmut/Pois      ##........   16%         3
 Ice Form                 Ice/Tmut       ##......     45%         4
 Blade Hands              Tmut           ###.......   63%         5
 Leda's Liquefaction      Hex/Erth       #.........   65%         4
 Bolt of Magma            Conj/Fire/Erth #.........   94%         5
 Iron Shot                Conj/Erth      #.........   100%        6
 Statue Form              Tmut/Erth      ##.......    100%        6
 Shatter                  Erth           #.........   100%        9


Dungeon Overview and Level Annotations

Branches:
Dungeon (1/1)

Altars:
Cheibriados
Dithmenos
Fedhas
Gozag
Kikubaaqudgha
Makhleb
Okawaru
Qazlal
Ru
Sif Muna
Trog
Uskayaw
Vehumet
Wu Jian
Xom
Yredelemnul
Zin
The Shining One
Beogh
Jiyva
Lugonu

Shops:
D *[??*?*:[((!!!!

Annotations:
D Purgy


Innate Abilities, Weirdness & Mutations

Your experience applies equally to all skills.
You have very sharp teeth.
Your uncanny sense of smell can sniff out nearby items.
You have a pair of horns on your head.
You have razor-sharp toenails.


Message History

Unknown command.
Casting: Beastly Appendage (safe; 3% risk of failure)
Confirm with . or Enter, or press ? or * to list all spells.
You grow a pair of large bovine horns.
Your feet morph into talons.
Purgy snarls, "Go!
Away!"
Purgy bites you. Purgy claws you. x2
You hit Purgy.
Purgy is moderately wounded.
A quokka comes into view.
You punch Purgy! You claw Purgy. You punch Purgy.
Purgy is severely wounded.
Purgy bites you! Purgy barely misses you. Purgy claws you.
* * * LOW HITPOINT WARNING * * *
You hit Purgy. Your headbutt misses Purgy.
Purgy is severely wounded.
Purgy bites you!
* * * LOW HITPOINT WARNING * * *
Purgy claws you.
You die...
Your body crumbles into a pile of gold.

#⌠..........###...###........
#⌠..........# #.<.# #........
#⌠..........###...###........
##......r......###...........
###∩........8.# #.8........∩
##∩___......###......__.∩#
###.8.........8.######
#⌠.$.........⌠#
###@T.......### #_......._#
#_......._# #........_#
#∩.......∩# ##∩.....∩##
##.....## ##⌠⌠⌠## #####


You could see Purgy and a quokka.

Vanquished Creatures
  6 oozes (D)
  2 rats (D)
8 creatures vanquished.

Notes
Turn   | Place    | Note
-------+----------+-------------------------------------------
     0 | D        | sahdkjhfkaj the Gnoll Transmuter began the quest for the
                  | Orb.
     0 | D        | Reached XP level 1. HP: 17/17 MP: 6/6
     1 | D        | Found a roughly hewn altar of Beogh.
     1 | D        | Found a basalt altar of Yredelemnul.
     2 | D        | Found a stormy altar of Qazlal.
     2 | D        | Found a corrupted altar of Lugonu.
     3 | D        | Found a blossoming altar of Fedhas.
     4 | D        | Found a burning altar of Makhleb.
     4 | D        | Found a radiant altar of Vehumet.
     4 | D        | Found Hakleduj's Premium Goods.
     4 | D        | Found Niusups's Weapon Rack.
     5 | D        | Found Asegi's Miscellaneous Merchandise.
     5 | D        | Found Xorob's Basic Armour.
     5 | D        | Round 1.
     7 | D        | Found a viscous altar of Jiyva.
     8 | D        | Found a shimmering altar of Xom.
    10 | D        | Found Kufuhoiv's Do-It-Yourself Clinic.
    11 | D        | Found Aleocag's Bottled Wisdom.
    11 | D        | Found Koopiullot's Distillery.
    11 | D        | Found a sacrificial altar of Ru.
    11 | D        | Found an ancient bone altar of Kikubaaqudgha.
    11 | D        | Found a snail-covered altar of Cheibriados.
    11 | D        | Found Rada Vud's Distillery.
    15 | D        | Found a glowing silver altar of Zin.
    16 | D        | Found a hide-covered altar of Uskayaw.
    17 | D        | Found a glowing golden altar of the Shining One.
    18 | D        | Found an iron altar of Okawaru.
    18 | D        | Found a bloodstained altar of Trog.
    18 | D        | Found a shadowy altar of Dithmenos.
    18 | D        | Found Xyha's Staff Store.
    18 | D        | Found Ataant's Magic Scroll Shop.
    19 | D        | Found Jaexi's Must-Have Magic.
    19 | D        | Found Jack's Magic Scroll Shop.
    25 | D        | Found a shimmering blue altar of Sif Muna.
    26 | D        | Found an opulent altar of Gozag.
    28 | D        | Found Yliexze's Jewellery.
    28 | D        | Found Rijuwar's Advanced Armour.
    29 | D        | Found an ornate altar of the Wu Jian Council.
    29 | D        | Found Jirol's Identification Station.
    34 | D        | Became a worshipper of Gozag Ym Sagoz the Greedy
    38 | D        | Reached skill level 5 in Spellcasting
    38 | D        | Reached skill level 1 in Invocations
    40 | D        | Reached skill level 1 in Short Blades
    40 | D        | Reached skill level 1 in Long Blades
    40 | D        | Reached skill level 1 in Axes
    40 | D        | Reached skill level 1 in Maces & Flails
    40 | D        | Reached skill level 1 in Polearms
    40 | D        | Reached skill level 1 in Staves
    40 | D        | Reached skill level 1 in Slings
    40 | D        | Reached skill level 1 in Bows
    40 | D        | Reached skill level 1 in Crossbows
    40 | D        | Reached skill level 1 in Throwing
    40 | D        | Reached skill level 1 in Armour
    40 | D        | Reached skill level 1 in Stealth
    40 | D        | Reached skill level 1 in Shields
    40 | D        | Reached skill level 1 in Conjurations
    40 | D        | Reached skill level 1 in Hexes
    40 | D        | Reached skill level 1 in Summonings
    40 | D        | Reached skill level 1 in Necromancy
    40 | D        | Reached skill level 1 in Translocations
    40 | D        | Reached skill level 1 in Fire Magic
    40 | D        | Reached skill level 1 in Ice Magic
    40 | D        | Reached skill level 1 in Air Magic
    40 | D        | Reached skill level 1 in Earth Magic
    40 | D        | Reached skill level 1 in Poison Magic
    40 | D        | Reached skill level 1 in Evocations
    40 | D        | Reached XP level 2. HP: 14/23 MP: 5/8
   140 | D        | Reached XP level 3. HP: 27/29 MP: 9/9
   144 | D        | Arena points: 14 (+14) [x2]
   180 | D        | Bought a book of the Earth for 455 gold pieces
   204 | D        | Round 2.
   223 | D        | Noticed Purgy
   233 | D        | HP: 1/29 [Purgy (7)]
   233 | D        | Slain by Purgy

Illustrated notes

Levels and vault maps discovered:
D:        arena_sprint

Skill      XL: |  1  2  3 |
---------------+----------+-----
Spellcasting   | 5 |  5.3
Invocations    | 1 2 |  2.0
Short Blades   | 1 |  1.8
Long Blades    | 1 |  1.8
Axes           | 1 |  1.8
Maces & Flails | 1 |  1.8
Polearms       | 1 |  1.8
Staves         | 1 |  1.8
Slings         | 1 |  1.8
Bows           | 1 |  1.8
Crossbows      | 1 |  1.8
Throwing       | 1 |  1.8
Armour         | 1 |  1.8
Stealth        | 1 |  1.8
Shields        | 1 |  1.8
Conjurations   | 1 |  1.4
Hexes          | 1 |  1.4
Summonings     | 1 |  1.4
Necromancy     | 1 |  1.4
Translocations | 1 |  1.4
Fire Magic     | 1 |  1.4
Ice Magic      | 1 |  1.4
Air Magic      | 1 |  1.4
Earth Magic    | 1 |  1.4
Poison Magic   | 1 |  1.4
Evocations     | 1 |  1.8
Fighting       | 3 |  3.2
Transmutations | 4 |  4.1
Dodging        | |  4.9
Unarmed Combat | |  6.8

Action                   || total
-------------------------++-------
Melee: Unarmed           ||    26
       Kick              ||    10
       Headbutt          ||     4
       Bite              ||     3
       Punch             ||     2
 Cast: Beastly Appendage ||     4
Armor: Robe              ||     3
Dodge: Dodged            ||    21

Table legend: (Time is in decaauts)
 A = Elapsed time spent in this place.
 B = Non-inter-level travel time spent in this place.
 C = Inter-level travel time spent in this place.
 D = Time resting spent in this place.
 E = Time spent auto-exploring this place.
 F = Levels seen in this place.
 G = Mean time per level.
                   A        B        C        D        E       F      G
               +--------+--------+--------+--------+--------+-----+--------+
         Total |    230 |    230 |      0 |     69 |     76 |   1 |  230.0 |
       Dungeon |    230 |    230 |      0 |     69 |     76 |   1 |  230.0 |
               +--------+--------+--------+--------+--------+-----+--------+

Top non-repeatable levels by time:
       D: 230 daAuts
